[Event "BLR-ch 1st Stage Men 2020"]
[Site "Minsk"]
[Date "2020.02.01"]
[Round "3.1"]
[White "Teterev, Vitaly"]
[Black "Siniauski, Artsiom"]
[Result "1/2-1/2"]
[ECO "D78"]
[WhiteElo "2476"]
[BlackElo "2265"]
[Annotator "ChessBase"]
[PlyCount "110"]
[EventDate "2020.02.01"]
[EventType "swiss"]
[EventCountry "BLR"]
[SourceTitle "playchess.com"]
[Source "ChessBase"]
[SourceQuality "1"]
[TimeControl "40/5400+30:1800+30"]

1. Nf3 Nf6 2. g3 g6 3. Bg2 Bg7 4. d4 d5 5. c4 c6 6. Qb3 O-O 7. O-O Qb6 8. Nc3 Rd8 9. Rd1 Bf5 10. Ne1 Be6 11. c5 Qxb3 12. axb3 Na6 13. Ra4 Ne4 14. f3 Nexc5 15. dxc5 d4 16. Ne4 Bxb3 17. Rxa6 Bxd1 18. Ra3 Bxe2 19. Nd3 Bxd3 20. Rxd3 Rd5 21. b4 a5 22. Ra3 Ra6 23. bxa5 f5 24. Nf2 Rxc5 25. Bd2 Rc2 26. Be1 e5 27. Bf1 Ra7 28. Ra1 Bh6 29. Bd3 Rc1 30. Rxc1 Bxc1 31. Bc4+ Kg7 32. Nd3 Be3+ 33. Kg2 Kf6 34. Nc5 d3 35. Nxd3 Bd4 36. h4 h6 37. g4 e4 38. fxe4 fxe4 39. Nf4 Be5 40. Ne6 h5 41. g5+ Ke7 42. Kf2 Bd6 43. Ke2 Ra8 44. Bc3 b5 45. axb6 Ra4 46. Bb3 Ra3 47. Bf6+ Kd7 48. Nd4 Ra6 49. Bf7 c5 50. Nc2 Rxb6 51. Bxg6 Bg3 52. Ne3 Bxh4 53. Nd5 Rd6 54. Bf7 Rxf6 55. gxf6 Bxf6 1/2-1/2

[Event "BLR-ch 1st Stage Men 2020"]
[Site "Minsk"]
[Date "2020.02.01"]
[Round "3.2"]
[White "Galkin, Gleb"]
[Black "Zarubitski, Viachaslau"]
[Result "0-1"]
[ECO "E16"]
[WhiteElo "2190"]
[BlackElo "2451"]
[Annotator "ChessBase"]
[PlyCount "164"]
[EventDate "2020.02.01"]
[EventType "swiss"]
[EventCountry "BLR"]
[SourceTitle "playchess.com"]
[Source "ChessBase"]
[SourceQuality "1"]
[TimeControl "40/5400+30:1800+30"]

1. d4 Nf6 2. c4 e6 3. Nf3 Bb4+ 4. Bd2 c5 5. Bxb4 cxb4 6. g3 b6 7. Bg2 Bb7 8. O-O O-O 9. a3 bxa3 10. Rxa3 a5 11. Nc3 Na6 12. d5 Rc8 13. Ne5 exd5 14. Nxd5 Nxd5 15. Bxd5 Bxd5 16. Qxd5 Rc5 17. Qd4 Qf6 18. Re3 d6 19. Nf3 Qxd4 20. Nxd4 Rxc4 21. Nf5 Rb4 22. Rb1 g6 23. Nxd6 Rd8 24. Ne4 Kg7 25. f3 h6 26. Kf1 f5 27. Nf2 Nc5 28. Ke1 Kf6 29. Rc3 Re8 30. Nd3 Nxd3+ 31. Rxd3 Re5 32. Kd1 Reb5 33. Rc1 Re5 34. Rc6+ Re6 35. Rxe6+ Kxe6 36. Kc2 Rc4+ 37. Kd2 Rc5 38. Re3+ Re5 39. Rc3 Kd7 40. Rc4 Rb5 41. Kc3 Kd6 42. Rd4+ Kc6 43. e4 Rc5+ 44. Kd2 fxe4 45. Rxe4 Kd5 46. Rh4 h5 47. Rf4 Rc4 48. Rf8 Rc6 49. Kd3 Kc5 50. Rf4 Rd6+ 51. Kc2 b5 52. h4 Re6 53. b3 Re2+ 54. Kc1 Rh2 55. Re4 Rh3 56. Re5+ Kb4 57. Rg5 Rh1+ 58. Kb2 Rh2+ 59. Kb1 Rf2 60. g4 Rxf3 61. gxh5 gxh5 62. Ka2 Rf2+ 63. Kb1 Rf4 64. Rxh5 Rf1+ 65. Kb2 Rf2+ 66. Kb1 Rf3 67. Ka2 Rh3 68. Rg5 Rh2+ 69. Kb1 Rh1+ 70. Kb2 Rh2+ 71. Kb1 Rxh4 72. Kb2 Rh2+ 73. Kb1 Rd2 74. Rh5 Rg2 75. Rf5 Rg3 76. Ka2 Rc3 77. Rh5 Rc2+ 78. Kb1 Rc5 79. Rxc5 Kxc5 80. Kc1 Kd4 81. Kc2 Ke3 82. Kc3 b4+ 0-1

[Event "BLR-ch 1st Stage Men 2020"]
[Site "Minsk"]
[Date "2020.02.01"]
[Round "3.3"]
[White "Meribanov, Vitaly"]
[Black "Strybuk, Artsiom I"]
[Result "1/2-1/2"]
[ECO "D96"]
[WhiteElo "2417"]
[BlackElo "2166"]
[Annotator "NA"]
[PlyCount "60"]
[EventDate "2020.02.01"]
[EventType "swiss"]
[EventCountry "BLR"]
[SourceTitle "playchess.com"]
[Source "ChessBase"]
[SourceQuality "1"]
[TimeControl "40/5400+30:1800+30"]

1. d4 Nf6 2. c4 g6 3. Nf3 Bg7 4. Nc3 d5 5. Qb3 e6 6. Bf4 O-O 7. e3 b6 8. cxd5 exd5 9. Rc1 c5 10. dxc5 bxc5 11. Bxb8 d4 12. Be5 dxc3 13. bxc3 Bg4 14. Be2 Ne4 15. Bxg7 Bxf3 16. Qc2 Bxg2 17. Rg1 Kxg7 18. Rxg2 Nf6 19. h4 Qd5 20. Rg1 Rad8 21. c4 Qe5 22. Bf3 Rfe8 23. Rg5 Qf4 24. Ke2 Qxh4 25. Rxc5 Ng4 26. Qc3+ Kg8 27. Rf1 Rxe3+ 28. fxe3 Qh2+ 29. Ke1 Qg3+ 30. Ke2 Qh2+ 1/2-1/2

[Event "BLR-ch 1st Stage Men 2020"]
[Site "Minsk"]
[Date "2020.02.01"]
[Round "3.4"]
[White "Yezhel, Valiantsin"]
[Black "Terzi, Alexei"]
[Result "1-0"]
[ECO "A59"]
[WhiteElo "2187"]
[BlackElo "2321"]
[Annotator "NA"]
[PlyCount "99"]
[EventDate "2020.02.01"]
[EventType "swiss"]
[EventCountry "BLR"]
[SourceTitle "playchess.com"]
[Source "ChessBase"]
[SourceQuality "1"]
[TimeControl "40/5400+30:1800+30"]

1. d4 Nf6 2. c4 c5 3. d5 b5 4. cxb5 a6 5. bxa6 g6 6. Nc3 Bxa6 7. e4 Bxf1 8. Kxf1 d6 9. Nf3 Bg7 10. g3 O-O 11. Kg2 Qb6 12. h3 Nbd7 13. Qc2 Rfb8 14. Rb1 Ne8 15. Bg5 Nc7 16. Rhc1 h6 17. Be3 Qa6 18. a4 Rb4 19. Bd2 Rb6 20. b3 Rab8 21. Nd1 R6b7 22. Ne3 Nb6 23. h4 h5 24. g4 hxg4 25. Nxg4 Ne8 26. h5 gxh5 27. Nh6+ Kf8 28. Nf5 Nf6 29. Bc3 Nbd7 30. Qd2 Rxb3 31. Rxb3 Rxb3 32. Qg5 Qd3 33. Qxg7+ Ke8 34. Qh8+ Nf8 35. Nxd6+ exd6 36. Qxf6 Ng6 37. Ng5 Rb7 38. Qxd6 Qe2 39. Qg3 Rb3 40. Kh2 Qc4 41. Qf3 Rb7 42. Rb1 Qa6 43. Rxb7 Qxb7 44. Qf6 Qc7+ 45. d6 Qd7 46. a5 Nf8 47. a6 Ne6 48. Qh8+ Nf8 49. Qxf8+ Kxf8 50. Nh7+ 1-0

[Event "BLR-ch 1st Stage Men 2020"]
[Site "Minsk"]
[Date "2020.02.01"]
[Round "3.5"]
[White "Tsaruk, Maksim"]
[Black "Elkin, Leonid"]
[Result "1-0"]
[ECO "C09"]
[WhiteElo "2316"]
[BlackElo "2031"]
[Annotator "NA"]
[PlyCount "187"]
[EventDate "2020.02.01"]
[EventType "swiss"]
[EventCountry "BLR"]
[SourceTitle "playchess.com"]
[Source "ChessBase"]
[SourceQuality "1"]
[TimeControl "40/5400+30:1800+30"]

1. e4 e6 2. d4 d5 3. Nd2 c5 4. Ngf3 Nc6 5. exd5 exd5 6. Bb5 Bd6 7. dxc5 Bxc5 8. O-O Nge7 9. Nb3 Bd6 10. c3 O-O 11. Bd3 Ng6 12. Bg5 Qc7 13. Bxg6 hxg6 14. Qxd5 Bg4 15. Rad1 Bf4 16. Qc4 Bxg5 17. Qxg4 Bf6 18. Rd2 a5 19. a4 Rfe8 20. Rfd1 Qb6 21. Qc4 Rad8 22. Qb5 Rxd2 23. Rxd2 Qc7 24. g3 Re7 25. Kg2 b6 26. Re2 Rxe2 27. Qxe2 Ne5 28. Nxe5 Bxe5 29. Qe4 Bf6 30. Qd5 Qc8 31. Nd2 Qg4 32. Ne4 Qe2 33. b3 Qc2 34. h4 Be7 35. Kf3 Bf6 36. Qb5 Be7 37. Qd5 Bf6 38. Kg2 Be7 39. Qe5 Bf8 40. b4 axb4 41. cxb4 Bxb4 42. Qe8+ Bf8 43. Nd6 Qb3 44. Nc8 Qd5+ 45. Kg1 Qc5 46. Qd8 Kh7 47. Nxb6 Be7 48. Qe8 Bd6 49. Nd7 Qd5 50. Nf8+ Bxf8 51. Qxf8 Qd1+ 52. Kh2 Qxa4 53. Qxf7 Qe4 54. Qf4 Qd3 55. Qe3 Qc2 56. Kg2 Qc6+ 57. Qf3 Qc2 58. Qd5 Kh8 59. Kf3 Qc3+ 60. Kg4 Qc2 61. Kf3 Qc3+ 62. Ke2 Qc2+ 63. Ke3 Qc1+ 64. Qd2 Qc5+ 65. Qd4 Qc1+ 66. Kf3 Kh7 67. Qd3 Qc6+ 68. Qe4 Qf6+ 69. Kg2 Kg8 70. f3 Qb6 71. Kh3 Kf7 72. Qd5+ Kf8 73. Kg4 Qf6 74. Qa8+ Kf7 75. Qa2+ Kf8 76. Qd5 Qb2 77. Qe6 Qd4+ 78. Kg5 Qf2 79. Qc8+ Kf7 80. Qc4+ Kf8 81. Qf4+ Kg8 82. Kxg6 Qb6+ 83. Kg5 Qd8+ 84. Kg4 Qc8+ 85. Qf5 Qc4+ 86. Kg5 Qc1+ 87. Kh5 Kh8 88. Qe6 Qc7 89. f4 Qc2 90. f5 Qd1+ 91. g4 Qd2 92. Kg6 Qh6+ 93. Kf7 Qg6+ 94. Kf8 1-0

[Event "BLR-ch 1st Stage Men 2020"]
[Site "Minsk"]
[Date "2020.02.01"]
[Round "3.6"]
[White "Leinov, Roman"]
[Black "Maiorov, Nikita"]
[Result "1/2-1/2"]
[ECO "E17"]
[WhiteElo "2168"]
[BlackElo "2519"]
[Annotator "RC"]
[PlyCount "62"]
[EventDate "2020.02.01"]
[EventType "swiss"]
[EventCountry "BLR"]
[SourceTitle "playchess.com"]
[Source "ChessBase"]
[SourceQuality "1"]
[TimeControl "40/5400+30:1800+30"]

1. d4 Nf6 2. c4 e6 3. g3 d5 4. Nf3 Be7 5. Bg2 O-O 6. O-O b6 7. cxd5 exd5 8. Nc3 Bb7 9. b3 Ne4 10. Bb2 Nxc3 11. Bxc3 Nd7 12. Qc2 Bd6 13. Ne5 Nf6 14. Bb2 Qe8 15. Rac1 c6 16. Bh3 c5 17. Ng4 Nxg4 18. Bxg4 Qe7 19. Rfd1 Rfd8 20. dxc5 Bxc5 21. Bd4 Bd6 22. Qc3 Qg5 23. Bf3 Ba3 24. Rc2 Qg6 25. Qd3 Rac8 26. Rxc8 Rxc8 27. Be3 Kf8 28. Qxg6 hxg6 29. Bf4 Rc2 30. Rd2 Rxd2 31. Bxd2 Ke7 1/2-1/2

[Event "BLR-ch 1st Stage Men 2020"]
[Site "Minsk"]
[Date "2020.02.01"]
[Round "3.7"]
[White "Vashchilov, Sergey"]
[Black "Lazavik, Denis"]
[Result "1/2-1/2"]
[ECO "C42"]
[WhiteElo "2148"]
[BlackElo "2411"]
[Annotator "NA"]
[PlyCount "61"]
[EventDate "2020.02.01"]
[EventType "swiss"]
[EventCountry "BLR"]
[SourceTitle "playchess.com"]
[Source "ChessBase"]
[SourceQuality "1"]
[TimeControl "40/5400+30:1800+30"]

1. e4 e5 2. Nf3 Nf6 3. Nxe5 d6 4. Nf3 Nxe4 5. Nc3 Nxc3 6. dxc3 Be7 7. Bf4 Nc6 8. Qd2 Be6 9. Bd3 Qd7 10. O-O-O a6 11. a3 O-O-O 12. h3 Bf6 13. Bg5 Bxg5 14. Qxg5 f6 15. Qf4 Kb8 16. Rhe1 Ne5 17. Nd4 Nxd3+ 18. Rxd3 Bf7 19. Rde3 Rhe8 20. Nf5 Rxe3 21. Rxe3 Bg6 22. Ne7 Re8 23. Nxg6 hxg6 24. Qg4 Qf7 25. Qe2 Rxe3 26. Qxe3 g5 27. b3 Qd5 28. Qe8+ Ka7 29. Qe3+ Kb8 30. Qe8+ Ka7 31. Qe3+ 1/2-1/2

[Event "BLR-ch 1st Stage Men 2020"]
[Site "Minsk"]
[Date "2020.02.01"]
[Round "4.1"]
[White "Zarubitski, Viachaslau"]
[Black "Tsaruk, Maksim"]
[Result "1/2-1/2"]
[ECO "D02"]
[WhiteElo "2451"]
[BlackElo "2316"]
[Annotator "ChessBase"]
[PlyCount "61"]
[EventDate "2020.02.01"]
[EventType "swiss"]
[EventCountry "BLR"]
[SourceTitle "playchess.com"]
[Source "ChessBase"]
[SourceQuality "1"]
[TimeControl "40/5400+30:1800+30"]

1. d4 d5 2. Nf3 Nf6 3. g3 c5 4. c3 e6 5. Bg2 Bd6 6. O-O O-O 7. Bg5 h6 8. Bxf6 Qxf6 9. Nbd2 cxd4 10. Nxd4 Nc6 11. Ne4 dxe4 12. Nxc6 Bc5 13. Nd4 Qg6 14. a4 f5 15. a5 Kh7 16. b4 Be7 17. a6 bxa6 18. Nc6 Qe8 19. Nxe7 Qxe7 20. f3 exf3 21. Bxf3 Bb7 22. Bxb7 Qxb7 23. Qd3 Rac8 24. Qxa6 Qe4 25. Ra3 Rxc3 26. Rxc3 Qd4+ 27. Kg2 Qxc3 28. Qxe6 Qxb4 29. Rxf5 a5 30. Rxf8 Qxf8 31. Qd5 1/2-1/2

[Event "BLR-ch 1st Stage Men 2020"]
[Site "Minsk"]
[Date "2020.02.01"]
[Round "4.2"]
[White "Pogosian, Manvel"]
[Black "Yezhel, Valiantsin"]
[Result "1/2-1/2"]
[ECO "A89"]
[WhiteElo "2383"]
[BlackElo "2187"]
[Annotator "NA"]
[PlyCount "128"]
[EventDate "2020.02.01"]
[EventType "swiss"]
[EventCountry "BLR"]
[SourceTitle "playchess.com"]
[Source "ChessBase"]
[SourceQuality "1"]
[TimeControl "40/5400+30:1800+30"]

1. d4 f5 2. Nf3 Nf6 3. c4 d6 4. g3 g6 5. Bg2 Bg7 6. O-O O-O 7. Nc3 Nc6 8. d5 Ne5 9. Nxe5 dxe5 10. e4 f4 11. gxf4 exf4 12. Bxf4 Nxe4 13. Bg3 Nxg3 14. hxg3 e6 15. Qb3 exd5 16. cxd5 Kh8 17. Rac1 a6 18. Ne4 b6 19. Rfd1 Bg4 20. Rd2 Ra7 21. a4 a5 22. f4 Bf5 23. Rcd1 Bg4 24. Bf3 Bxf3 25. Qxf3 Qe7 26. Kg2 h6 27. Re2 Qb4 28. b3 Raa8 29. d6 Rad8 30. d7 Bd4 31. Qg4 Kg7 32. Rc1 Qxb3 33. Rc6 Qf7 34. Rxc7 Qd5 35. Qf3 Rxd7 36. Rec2 Rxc7 37. Rxc7+ Rf7 38. Rxf7+ Qxf7 39. Nd6 Qe7 40. Nc4 h5 41. Qd3 Qc5 42. Kf1 Kh6 43. Ke2 Bf6 44. Nd2 Qd4 45. Qxd4 Bxd4 46. Kd3 Bf2 47. Ne4 Bg1 48. Kc4 h4 49. gxh4 Be3 50. Kb5 Kh5 51. Nc3 Bxf4 52. Nd5 Bd2 53. Nxb6 Kxh4 54. Nc4 Bf4 55. Kxa5 g5 56. Kb5 g4 57. a5 g3 58. a6 Bb8 59. Ne3 Kh3 60. Kb6 Bf4 61. Nd5 Be5 62. a7 Bd4+ 63. Kb7 Bxa7 64. Kxa7 g2 1/2-1/2

[Event "BLR-ch 1st Stage Men 2020"]
[Site "Minsk"]
[Date "2020.02.01"]
[Round "4.3"]
[White "Strybuk, Artsiom I"]
[Black "Teterev, Vitaly"]
[Result "1-0"]
[ECO "E62"]
[WhiteElo "2166"]
[BlackElo "2476"]
[Annotator "ChessBase"]
[PlyCount "75"]
[EventDate "2020.02.01"]
[EventType "swiss"]
[EventCountry "BLR"]
[SourceTitle "playchess.com"]
[Source "ChessBase"]
[SourceQuality "1"]
[TimeControl "40/5400+30:1800+30"]

1. d4 Nf6 2. c4 g6 3. g3 Bg7 4. Bg2 O-O 5. Nc3 d6 6. Nf3 c6 7. O-O Bf5 8. Ne1 Be6 9. b3 d5 10. cxd5 cxd5 11. Nd3 Nc6 12. e3 Bf5 13. Bb2 Rc8 14. Rc1 Qd6 15. Qd2 Rfd8 16. Rfd1 e6 17. f3 g5 18. Nf2 Bg6 19. Ne2 h6 20. e4 Qe7 21. e5 Nh7 22. Nc3 Qb4 23. Na4 Bf8 24. Qe3 Qe7 25. Nc3 Nb4 26. Qd2 Nc6 27. Nb5 Qd7 28. Ng4 h5 29. Nf6+ Nxf6 30. exf6 Nb4 31. Bf1 Nxa2 32. Rxc8 Rxc8 33. Qxg5 Nb4 34. Ba3 a5 35. Bd3 Kh7 36. Qxh5+ Bh6 37. Bxb4 Bxd3 38. Bd2 1-0

[Event "BLR-ch 1st Stage Men 2020"]
[Site "Minsk"]
[Date "2020.02.01"]
[Round "4.4"]
[White "Siniauski, Artsiom"]
[Black "Meribanov, Vitaly"]
[Result "1-0"]
[ECO "B27"]
[WhiteElo "2265"]
[BlackElo "2417"]
[Annotator "NA"]
[PlyCount "113"]
[EventDate "2020.02.01"]
[EventType "swiss"]
[EventCountry "BLR"]
[SourceTitle "playchess.com"]
[Source "ChessBase"]
[SourceQuality "1"]
[TimeControl "40/5400+30:1800+30"]

1. e4 c5 2. Nf3 g6 3. d4 cxd4 4. Qxd4 Nf6 5. Nc3 Nc6 6. Qa4 d6 7. e5 dxe5 8. Nxe5 Qd4 9. Nxc6 Qxa4 10. Nxa4 bxc6 11. Be3 Bg7 12. O-O-O O-O 13. Bc4 Nd5 14. Bc5 Be6 15. Bb3 Bf6 16. Bd4 Bg5+ 17. Kb1 h5 18. h4 Bh6 19. Rhe1 Rfe8 20. c4 Bf5+ 21. Bc2 Nf4 22. Be3 Kg7 23. g3 Ne6 24. Bxh6+ Kxh6 25. Bxf5 gxf5 26. Re5 Kg6 27. Nc5 Nf8 28. Nd3 Ne6 29. Nc5 Nf8 30. Nd3 Ne6 31. Ra5 Red8 32. Ne5+ Kf6 33. Rxd8 Nxd8 34. f4 Ke6 35. Nf3 Kf6 36. Nd4 e6 37. Ra6 c5 38. Nb5 Nb7 39. Rxa7 Rxa7 40. Nxa7 Nd6 41. Nc6 Nxc4 42. a4 Kg7 43. a5 Kf8 44. b3 Na3+ 45. Kb2 Nb5 46. a6 Nc7 47. a7 Ke8 48. Kc3 Kd7 49. Ne5+ Kd6 50. Nxf7+ Kd5 51. Kd3 Na8 52. Ne5 Nb6 53. Nd7 Na8 54. Nf6+ Kd6 55. Nxh5 Ke7 56. Kc4 Kf7 57. Kxc5 1-0

[Event "BLR-ch 1st Stage Men 2020"]
[Site "Minsk"]
[Date "2020.02.01"]
[Round "4.5"]
[White "Kuleshov, Konstantin"]
[Black "Podolchenko, Evgeniy"]
[Result "1/2-1/2"]
[ECO "A30"]
[WhiteElo "2076"]
[BlackElo "2394"]
[Annotator "NA"]
[PlyCount "65"]
[EventDate "2020.02.01"]
[EventType "swiss"]
[EventCountry "BLR"]
[SourceTitle "playchess.com"]
[Source "ChessBase"]
[SourceQuality "1"]
[TimeControl "40/5400+30:1800+30"]

1. Nf3 Nf6 2. c4 c5 3. g3 b6 4. Bg2 Bb7 5. O-O e6 6. Nc3 a6 7. Re1 d6 8. e4 Be7 9. d4 cxd4 10. Nxd4 Qc7 11. Be3 Nbd7 12. Rc1 Rc8 13. h3 Qb8 14. b3 O-O 15. f4 Rfe8 16. Bf2 Qa8 17. Bf3 Nc5 18. Qe2 d5 19. cxd5 exd5 20. e5 Nfe4 21. Bg4 Nxb3 22. axb3 Rxc3 23. Bd7 Rd8 24. e6 Rxc1 25. Rxc1 fxe6 26. Bxe6+ Kh8 27. Rc7 Bf6 28. Qh5 Bc8 29. Bxd5 Qxd5 30. Qxd5 Rxd5 31. Rxc8+ Rd8 32. Rxd8+ Bxd8 33. Ne6 1/2-1/2

[Event "BLR-ch 1st Stage Men 2020"]
[Site "Minsk"]
[Date "2020.02.01"]
[Round "4.7"]
[White "Lazavik, Denis"]
[Black "Sheremet, Anton"]
[Result "1-0"]
[ECO "A81"]
[WhiteElo "2411"]
[BlackElo "2052"]
[Annotator "NA"]
[PlyCount "65"]
[EventDate "2020.02.01"]
[EventType "swiss"]
[EventCountry "BLR"]
[SourceTitle "playchess.com"]
[Source "ChessBase"]
[SourceQuality "1"]
[TimeControl "40/5400+30:1800+30"]

1. d4 f5 2. Nf3 g6 3. g3 Bg7 4. Bg2 Nf6 5. O-O O-O 6. b3 c5 7. e3 Ne4 8. Bb2 Nc6 9. c4 d6 10. Nc3 Nxc3 11. Bxc3 Qc7 12. Rc1 Rd8 13. d5 Bxc3 14. Rxc3 Ne5 15. e4 e6 16. Nxe5 dxe5 17. exf5 exf5 18. Re3 Qd6 19. Rfe1 e4 20. f3 exf3 21. Qxf3 Bd7 22. Qf4 Qxf4 23. gxf4 Re8 24. d6 Rxe3 25. Rxe3 Bc6 26. Bxc6 bxc6 27. Re7 Rd8 28. d7 Kf8 29. Rxh7 Kg8 30. Re7 Kf8 31. Re8+ Rxe8 32. dxe8=Q+ Kxe8 33. Kf2 1-0

[Event "BLR-ch 1st Stage Men 2020"]
[Site "Minsk"]
[Date "2020.02.01"]
[Round "5.1"]
[White "Yezhel, Valiantsin"]
[Black "Zarubitski, Viachaslau"]
[Result "1/2-1/2"]
[ECO "D19"]
[WhiteElo "2187"]
[BlackElo "2451"]
[Annotator "ChessBase"]
[PlyCount "86"]
[EventDate "2020.02.01"]
[EventType "swiss"]
[EventCountry "BLR"]
[SourceTitle "playchess.com"]
[Source "ChessBase"]
[SourceQuality "1"]
[TimeControl "40/5400+30:1800+30"]

1. d4 d5 2. c4 c6 3. Nc3 Nf6 4. Nf3 dxc4 5. a4 Bf5 6. e3 e6 7. Bxc4 Bb4 8. O-O Nbd7 9. Qe2 Bg6 10. Bd3 O-O 11. e4 Bh5 12. e5 Nd5 13. Nxd5 cxd5 14. Qe3 Be7 15. Bd2 Nb8 16. b4 Bg6 17. Bxg6 hxg6 18. b5 a5 19. Qf4 Nd7 20. Qg4 Re8 21. h4 Rc8 22. h5 Nf8 23. g3 Qc7 24. Rac1 Qd7 25. Kg2 Rxc1 26. Rxc1 Rc8 27. Rh1 Rc4 28. hxg6 fxg6 29. Bg5 Ba3 30. Qh4 Kf7 31. Qf4+ Kg8 32. Bd8 Bc1 33. Rxc1 Rxc1 34. Qxc1 Qxd8 35. Qc5 b6 36. Qc6 g5 37. Qd6 Qxd6 38. exd6 Kf7 39. Nxg5+ Ke8 40. f4 Kd7 41. Nf7 Nh7 42. Kf3 Nf6 43. g4 Ne4 1/2-1/2

[Event "BLR-ch 1st Stage Men 2020"]
[Site "Minsk"]
[Date "2020.02.01"]
[Round "5.2"]
[White "Tsaruk, Maksim"]
[Black "Siniauski, Artsiom"]
[Result "1/2-1/2"]
[ECO "C07"]
[WhiteElo "2316"]
[BlackElo "2265"]
[Annotator "NA"]
[PlyCount "91"]
[EventDate "2020.02.01"]
[EventType "swiss"]
[EventCountry "BLR"]
[SourceTitle "playchess.com"]
[Source "ChessBase"]
[SourceQuality "1"]
[TimeControl "40/5400+30:1800+30"]

1. e4 e6 2. d4 d5 3. Nd2 c5 4. Ngf3 cxd4 5. Nxd4 Nf6 6. exd5 Qxd5 7. Nb5 Na6 8. Nc3 Qe5+ 9. Qe2 Qxe2+ 10. Bxe2 Nb4 11. Bd1 Be7 12. a3 Nbd5 13. Nxd5 Nxd5 14. Bf3 O-O 15. Bxd5 exd5 16. Nb3 Bf6 17. c3 Re8+ 18. Be3 Bg5 19. Kd2 Bxe3+ 20. fxe3 Bf5 21. Rhf1 Be4 22. g3 Re7 23. a4 a5 24. Nd4 h5 25. Ra3 Ra6 26. Rb3 h4 27. gxh4 Rg6 28. Rf2 Rg1 29. Rb5 Rb1 30. Nf5 Rd7 31. Ng3 Re7 32. Rf1 Rxf1 33. Nxf1 Re6 34. Rxb7 Rf6 35. Ke1 Bd3 36. Ng3 Rf3 37. Kd2 Bc4 38. e4 dxe4 39. Nxe4 f6 40. b4 Rd3+ 41. Kc2 Rh3 42. Nd2 Bd3+ 43. Kb3 Rxh2 44. Nf3 Rh3 45. Nd2 Rh2 46. Nf3 1/2-1/2

[Event "BLR-ch 1st Stage Men 2020"]
[Site "Minsk"]
[Date "2020.02.01"]
[Round "5.3"]
[White "Podolchenko, Evgeniy"]
[Black "Strybuk, Artsiom I"]
[Result "1-0"]
[ECO "D91"]
[WhiteElo "2394"]
[BlackElo "2166"]
[Annotator "NA"]
[PlyCount "73"]
[EventDate "2020.02.01"]
[EventType "swiss"]
[EventCountry "BLR"]
[SourceTitle "playchess.com"]
[Source "ChessBase"]
[SourceQuality "1"]
[TimeControl "40/5400+30:1800+30"]

1. d4 Nf6 2. Nf3 g6 3. c4 Bg7 4. Nc3 d5 5. Bg5 Ne4 6. cxd5 Nxg5 7. Nxg5 e6 8. Nf3 exd5 9. e3 O-O 10. Be2 c6 11. O-O Bg4 12. Ne1 Bxe2 13. Qxe2 Qd6 14. Nd3 Nd7 15. Rac1 Rfe8 16. Qf3 Nf6 17. Nc5 b6 18. Na6 Rac8 19. b4 b5 20. a4 bxa4 21. Ra1 Nd7 22. Rxa4 Nb6 23. Ra2 Nc4 24. Nc5 Ra8 25. b5 cxb5 26. Nxb5 Qc6 27. Nc3 Nb6 28. Rfa1 Re7 29. Ra6 Bf8 30. g3 Rc7 31. R1a5 h5 32. Nb5 Re7 33. Nxa7 Qd6 34. Nb5 Rxa6 35. Rxa6 Qb8 36. Nc3 Rc7 37. Nxd5 1-0

[Event "BLR-ch 1st Stage Men 2020"]
[Site "Minsk"]
[Date "2020.02.01"]
[Round "5.4"]
[White "Trifonov, Denis"]
[Black "Lazavik, Denis"]
[Result "0-1"]
[ECO "C50"]
[WhiteElo "2191"]
[BlackElo "2411"]
[Annotator "NA"]
[PlyCount "86"]
[EventDate "2020.02.01"]
[EventType "swiss"]
[EventCountry "BLR"]
[SourceTitle "playchess.com"]
[Source "ChessBase"]
[SourceQuality "1"]
[TimeControl "40/5400+30:1800+30"]

1. e4 e5 2. Nf3 Nc6 3. Bc4 Bc5 4. O-O Nf6 5. d4 Bxd4 6. Nxd4 Nxd4 7. Bg5 d6 8. f4 Be6 9. fxe5 dxe5 10. Na3 Qe7 11. c3 Bxc4 12. Nxc4 Ne6 13. Bxf6 Qc5+ 14. Kh1 Qxc4 15. Bxe5 O-O 16. Qf3 f6 17. Bg3 Rad8 18. b3 Qc6 19. Qe3 Nc5 20. e5 f5 21. Rad1 Rxd1 22. Rxd1 b6 23. c4 Ne6 24. Be1 f4 25. Qe2 f3 26. gxf3 Rxf3 27. Rd5 Rf8 28. Bg3 Qe8 29. Rd1 Qg6 30. Qg2 Qg4 31. Rf1 Rxf1+ 32. Qxf1 Qe4+ 33. Kg1 Nd4 34. Qd1 h6 35. h3 Kh7 36. Qg4 Qxg4 37. hxg4 Ne2+ 38. Kf2 Nxg3 39. Kxg3 g6 40. g5 h5 41. e6 Kg7 42. Kf4 Kf8 43. Ke5 Ke7 0-1

[Event "BLR-ch 1st Stage Men 2020"]
[Site "Minsk"]
[Date "2020.02.01"]
[Round "5.5"]
[White "Minald, Andrey"]
[Black "Pogosian, Manvel"]
[Result "0-1"]
[ECO "A13"]
[WhiteElo "2076"]
[BlackElo "2383"]
[Annotator "NA"]
[PlyCount "94"]
[EventDate "2020.02.01"]
[EventType "swiss"]
[EventCountry "BLR"]
[SourceTitle "playchess.com"]
[Source "ChessBase"]
[SourceQuality "1"]
[TimeControl "40/5400+30:1800+30"]

1. c4 Nf6 2. Nf3 e6 3. e3 d5 4. b3 c5 5. Bb2 Nc6 6. cxd5 exd5 7. h3 Bd6 8. Be2 O-O 9. O-O a6 10. d4 cxd4 11. Nxd4 Re8 12. Nxc6 bxc6 13. Nc3 Bb8 14. Na4 Qd6 15. f4 Rxe3 16. Bd4 Ba7 17. Bxa7 Rxa7 18. Qd4 Rae7 19. Bf3 Bf5 20. Nc5 Ne8 21. Rac1 Qg6 22. Kh2 h5 23. Rc3 Rxc3 24. Qxc3 h4 25. Nxa6 Bd3 26. Qb4 Re6 27. Bg4 f5 28. Nc5 Bxf1 29. Nxe6 Qxe6 30. Bf3 Kh7 31. a4 Nc7 32. Qf8 Qd7 33. Bh5 g6 34. Bd1 Ne6 35. Qf6 Qd6 36. Qxh4+ Kg7 37. Qe1 Ba6 38. g3 d4 39. h4 Nc5 40. Qe8 Qe6 41. Qd8 Qe3 42. Bf3 Bf1 43. Bxc6 Ne4 44. Qe7+ Kh6 45. Bxe4 Qxe4 46. Qf8+ Kh5 47. g4+ Kxg4 0-1

[Event "BLR-ch 1st Stage Men 2020"]
[Site "Minsk"]
[Date "2020.02.01"]
[Round "5.6"]
[White "Vashchilov, Sergey"]
[Black "Kuleshov, Konstantin"]
[Result "1-0"]
[ECO "C41"]
[WhiteElo "2148"]
[BlackElo "2076"]
[Annotator "NA"]
[PlyCount "79"]
[EventDate "2020.02.01"]
[EventType "swiss"]
[EventCountry "BLR"]
[SourceTitle "playchess.com"]
[Source "ChessBase"]
[SourceQuality "1"]
[TimeControl "40/5400+30:1800+30"]

1. e4 e5 2. Nf3 d6 3. d4 exd4 4. Nxd4 Nf6 5. Nc3 Be7 6. f3 O-O 7. Be3 d5 8. exd5 Nxd5 9. Nxd5 Qxd5 10. Nb5 Qc6 11. Qd2 a6 12. Na7 Qe6 13. Nxc8 Bc5 14. Kf2 Bxe3+ 15. Qxe3 Qxc8 16. Bd3 Re8 17. Qf4 Qe6 18. Rhe1 Qb6+ 19. Kf1 Nc6 20. Bc4 Rf8 21. Rad1 Na5 22. Bd3 g6 23. b3 Rae8 24. h4 c5 25. h5 Qb4 26. Be4 Qc3 27. h6 Re6 28. Qc7 Nc6 29. Bxc6 Rxc6 30. Qxb7 Qf6 31. Qe7 Qxe7 32. Rxe7 c4 33. b4 g5 34. Re5 Rxh6 35. Rxg5+ Kh8 36. Kf2 f5 37. Rd4 Rc6 38. Rf4 c3 39. Rgxf5 Rd8 40. Rf8+ 1-0

[Event "BLR-ch 1st Stage Men 2020"]
[Site "Minsk"]
[Date "2020.02.01"]
[Round "5.7"]
[White "Teterev, Vitaly"]
[Black "Elkin, Leonid"]
[Result "1-0"]
[ECO "A39"]
[WhiteElo "2476"]
[BlackElo "2031"]
[Annotator "ChessBase"]
[PlyCount "87"]
[EventDate "2020.02.01"]
[EventType "swiss"]
[EventCountry "BLR"]
[SourceTitle "playchess.com"]
[Source "ChessBase"]
[SourceQuality "1"]
[TimeControl "40/5400+30:1800+30"]

1. Nf3 Nf6 2. d4 g6 3. g3 Bg7 4. Bg2 O-O 5. c4 c5 6. O-O cxd4 7. Nxd4 Nc6 8. Nc3 Ng4 9. e3 d6 10. b3 Nxd4 11. exd4 Nh6 12. Bb2 Nf5 13. Ne2 Rb8 14. a4 Bd7 15. Qc2 Bc6 16. d5 Bd7 17. h4 Qc7 18. Bxg7 Nxg7 19. Nf4 Bf5 20. Qb2 a5 21. Rfe1 b6 22. Re3 Rbe8 23. Rae1 Bg4 24. Qd2 e5 25. dxe6 fxe6 26. Rd3 Rd8 27. Rd4 Bf5 28. Qd1 e5 29. Nd5 Qc5 30. Rd2 Be6 31. Nc3 Nf5 32. Bd5 Bxd5 33. Rxd5 Qb4 34. Nb5 Ne7 35. Rd3 Qc5 36. Qd2 Rf6 37. Nc3 Re6 38. Ne4 Qa3 39. Ng5 Rf6 40. Rxe5 Nc6 41. Re1 Rf5 42. Rd5 Rdf8 43. Rxd6 Ne5 44. Rd8 1-0